 Dungeon Crawl Stone Soup version 0.31-a0-618-g7ca08c1ff9 (webtiles) character file.

Game seed: 13166624961619593942

226 bobarctor the Grave Robber (level 5, -1/35 HPs)
             Began as a Demonspawn Necromancer on Aug 23, 2023.
             Slain by a troll (6 damage)
             ... on level 7 of the Dungeon.
             The game lasted 00:12:15 (2752 turns).

bobarctor the Grave Robber (Demonspawn Necromancer) Turns: 2752, Time: 00:12:16

Health: -1/35      AC:  8    Str:  8    XL:     5   Next: 69%
Magic:  1/11       EV: 12    Int: 19    God:
Gold:   123        SH:  0    Dex: 13    Spells: 2/12 levels left

rFire   . . .        d - +0 whip
rCold   . . .        (no shield)
rNeg    . . .        a - +0 robe
rPois   .            (helmet restricted)
rElec   .            k - +0 cloak
rCorr   .            (no gloves)
SInv    .            c - +0 pair of boots
Will    .....        (no amulet)
Stlth   ++           e - +4 ring of slaying
HPRegen 0.25/turn    i - +4 ring of protection
MPRegen 0.12/turn

%: no passive effects
@: no status effects
A: hooves 1, horns 1, weakness stinger 1
a: no special abilities


You were on level 7 of the Dungeon.
You visited 1 branch of the dungeon, and saw 5 of its levels.

You collected 123 gold pieces.

Inventory:

Hand Weapons
 d - a +0 whip (weapon)
Missiles
 g - 24 stones
 m - 2 boomerangs
 o - 5 javelins
Armour
 a - a +0 robe (worn)
 c - a +0 pair of boots (worn)
 k - a +0 cloak (worn)
Jewellery
 e - a +4 ring of slaying (left hand)
 i - a +4 ring of protection (right hand)
 u - a ring of willpower
 w - an amulet of faith
Talismans
 s - a flux talisman
Scrolls
 f - a scroll of fear {unknown}
 h - 2 scrolls of poison {unknown}
 l - 4 scrolls of identify {unknown}
 v - a scroll of blinking {unknown}
 x - a scroll of teleportation {unknown}
 y - a scroll of silence {unknown}
Potions
 b - a potion of magic
 j - a potion of attraction {unknown}
 n - a potion of enlightenment {unknown}
 p - a potion of berserk rage {unknown}
 q - a potion of curing {unknown}
 r - a potion of mutation {unknown}
 t - a potion of brilliance {unknown}


   Skills:
 + Level 1.8 Dodging
 + Level 2.0 Stealth
 * Level 4.4 Spellcasting
 + Level 5.5 Necromancy
 * Level 1.1 Translocations


You had 2 spell levels left.
You knew the following spells:

 Your Spells              Type           Power      Damage    Failure   Level
a - Necrotise             Necr           100%       1d9       1%          1
b - Blink                 Tloc           16%        N/A       13%         2
c - Vampiric Draining     Necr           25%        2d7       4%          3
d - Animate Dead          Necr           25%        N/A       13%         4

Your spell library contained the following spells:

 Spells                   Type           Power      Damage    Failure   Level
 Apportation              Tloc           16%        N/A       9%          1
 Summon Small Mammal      Summ           16%        N/A       13%         1
 Scorch                   Fire           8%         2d5       21%         2
 Portal Projectile        Hex/Tloc       12%        N/A       30%         3
 Call Canine Familiar     Summ           4%         N/A       36%         3
 Agony                    Necr           25%        N/A       36%         5
 Manifold Assault         Tloc           8%         N/A       63%         4
 Flame Wave               Conj/Fire      4%         2d5       78%         4
 Leda's Liquefaction      Hex/Erth       2%         N/A       78%         4
 Summon Cactus Giant      Summ           2%         N/A       100%        6


Dungeon Overview and Level Annotations

Branches:
Dungeon (7/15)             Temple (0/1) D:7

Altars:


Innate Abilities, Weirdness & Mutations

You have large cloven feet.
You have a pair of small horns on your head.
You have a small tail.


Message History

Aiming: Necrotise (safe; 1% risk of failure)
Press: ? - help, Shift-Dir - straight line, f/p - troll
Aim: a troll (lightly wounded, chance to affect: 83%)
The troll barely resists.
Casting: Necrotise (safe; 1% risk of failure)
Confirm with . or Enter, or press ? or * to list all spells.
Aiming: Necrotise (safe; 1% risk of failure)
Press: ? - help, Shift-Dir - straight line, f/p - troll
Aim: a troll (lightly wounded, chance to affect: 83%)
The troll writhes in agony!
Casting: Necrotise (safe; 1% risk of failure)
Confirm with . or Enter, or press ? or * to list all spells.
Aiming: Necrotise (safe; 1% risk of failure)
Press: ? - help, Shift-Dir - straight line, f/p - troll
Aim: a troll (moderately wounded, chance to affect: 83%)
The troll writhes in agony!
The troll bites you! The troll barely misses you. The troll claws you.
Casting: Necrotise (safe; 1% risk of failure)
Confirm with . or Enter, or press ? or * to list all spells.
Aiming: Vampiric Draining (dangerous; 4% risk of failure)
Press: ? - help, Shift-Dir - straight line, f/p - troll
Aim: a troll (heavily wounded)
You draw life force from the troll!
You feel life coursing into your body. The troll closely misses you.
The troll claws you but does no damage. The troll claws you.
Unknown command.
Casting: Vampiric Draining (dangerous; 4% risk of failure)
Confirm with . or Enter, or press ? or * to list all spells.
Aiming: Vampiric Draining (dangerous; 4% risk of failure)
Press: ? - help, Shift-Dir - straight line, f/p - troll
Aim: a troll (severely wounded)
You draw life force from the troll.
You feel life coursing into your body.
The troll misses you. x2; The troll claws you.
The troll attacks as it pursues you! The troll bites you!
* * * LOW HITPOINT WARNING * * *
The troll barely misses you. The troll claws you.
* * * LOW HITPOINT WARNING * * *
The troll attacks as it pursues you! The troll closely misses you.
The troll claws you.
You die...

###########
#.@T......#
#.##...##.# ##
#.##...##.# .
.##.........## .#
........>.....##.#####
..#...................
. ##.##...##.....####
#.##...##.##..#
#.........##..#


You could see a troll.

Vanquished Creatures
  A bullfrog (D:3)
  Jessica (D:2)
  Terence (D:3)
  3 gnolls (D:3)
  4 adders
  3 dart slugs
  3 ball pythons
  6 endoplasms
  A giant cockroach (D:3)
  6 goblins
  2 hobgoblins
  6 jackals (D:3)
  4 bats
  3 frilled lizards
  2 rats (D:2)
46 creatures vanquished.

Vanquished Creatures (collateral kills)
  A frilled lizard (D:1)
1 creature vanquished.

Vanquished Creatures (others)
  A gnoll zombie (D:3)
1 creature vanquished.

Grand Total: 48 creatures vanquished

Notes
Turn   | Place    | Note
-------+----------+-------------------------------------------
     0 | D:1      | bobarctor the Demonspawn Necromancer began the quest for
                  | the Orb.
     0 | D:1      | Reached XP level 1. HP: 13/13 MP: 3/3
   212 | D:1      | Discovered your monstrous ancestry.
   212 | D:1      | Gained mutation: You have a pair of small horns on your
                  | head. [demonic ancestry]
   212 | D:1      | Reached XP level 2. HP: 18/19 MP: 0/5
   215 | D:1      | Learned a level 2 spell: Blink
   866 | D:2      | Reached XP level 3. HP: 24/24 MP: 2/6
  1151 | D:2      | Noticed Jessica
  1186 | D:2      | Learned a level 3 spell: Vampiric Draining
  1191 | D:2      | Killed Jessica
  1192 | D:2      | Reached skill level 5 in Necromancy
  1447 | D:3      | Gained mutation: You have large cloven feet. [demonic
                  | ancestry]
  1447 | D:3      | Reached XP level 4. HP: 30/30 MP: 4/8
  1690 | D:3      | Noticed Terence
  1695 | D:3      | Killed Terence
  1800 | D:3      | Noticed a bullfrog
  1808 | D:3      | Killed a bullfrog
  1809 | D:3      | Reached skill level 1 in Translocations
  1809 | D:3      | Gained mutation: You have a small tail. [demonic ancestry]
  1809 | D:3      | Reached XP level 5. HP: 29/35 MP: 2/11
  2014 | D:3      | Learned a level 4 spell: Animate Dead
  2706 | D:4      | You fall into a shaft and drop 3 floors!
  2706 | D:7      | Found a staircase to the Ecumenical Temple.
  2730 | D:7      | Noticed a troll
  2752 | D:7      | Slain by a troll

Illustrated notes

Levels and vault maps discovered:
D:1:      saegor_arrival_under_anarchy, layout_rooms, minmay_misc_feat_tiny,
          minmay_misc_feat_alley, chequers_serial_rivers_micro_b,
          minmay_ruptured
D:2:      layout_rooms, chequers_serial_rivers_small_b, minmay_statues_item,
          uniq_jessica
D:3:      layout_basic, uniq_terence
D:4:      layout_cave_pools
D:7:      layout_loops_ring, grunt_temple_overflow_open,
          lemuel_coloured_pillars_altar, nicolae_ru_path_of_blood,
          minmay_temple_entry_stoned_glass, gammafunk_ghost_berserking_beasts

Skill      XL: |  1  2  3  4 |
---------------+-------------+-----
Stealth        | 2 |  2.0
Spellcasting   | 3 4 |  4.4
Necromancy     | 5 |  5.5
Translocations | 1 |  1.1
Dodging        | |  1.8

Action                     |  1- 3 |  4- 6 || total
---------------------------+-------+-------++-------
  Melee: Whip              |     4 |     1 ||     5
         Headbutt          |       |     1 ||     1
  Throw: Stone             |     1 |       ||     1
   Cast: Necrotise         |    43 |    50 ||    93
         Blink             |       |     1 ||     1
         Vampiric Draining |       |     2 ||     2
         Animate Dead      |       |     1 ||     1
 Armour: Robe              |     3 |     4 ||     7
  Dodge: Dodged            |     8 |    14 ||    22

Table legend: (Time is in decaauts)
 A = Elapsed time spent in this place.
 B = Non-inter-level travel time spent in this place.
 C = Inter-level travel time spent in this place.
 D = Time resting spent in this place.
 E = Time spent auto-exploring this place.
 F = Levels seen in this place.
 G = Mean time per level.
                   A        B        C        D        E       F      G
               +--------+--------+--------+--------+--------+-----+--------+
         Total |   2751 |   2696 |     55 |    101 |   2176 |   5 |  550.2 |
       Dungeon |   2751 |   2696 |     55 |    101 |   2176 |   5 |  550.2 |
               +--------+--------+--------+--------+--------+-----+--------+

Top non-repeatable levels by time:
     D:3: 1159 daAuts
     D:1: 768 daAuts
     D:2: 670 daAuts
     D:4: 106 daAuts
     D:7: 45 daAuts
